 Dungeon Crawl Stone Soup version 0.16-a0-967-g37ceb3c (webtiles) character file.

168 Ratboiler the Ruinous (level 5, 21/21 HPs)
             Began as a Felid Ice Elementalist on Oct 2, 2014.
             Quit the game on Level 5 of the Dungeon.
             The game lasted 00:25:45 (8308 turns).

Ratboiler the Ruinous (Felid Ice Elementalist)      Turns: 8308, Time: 00:25:45

HP  21/21        AC  2     Str  4      XL: 5   Next: 23%
MP  12/12        EV 18     Int 17      God:
Gold 334         SH  0     Dex 18      Spells:  4 memorised,  0 levels left
Lives: 0, deaths: 2

rFire  + . .     SeeInvis +     (weapon unavailable)
rCold  . . .     Clarity  .     (armour unavailable)
rNeg   . . .     rCorr    .     (shield unavailable)
rPois  .         rRot     .     (helmet unavailable)
rElec  .         Spirit   .     (cloak unavailable)
SustAb .         Warding  .     (gloves unavailable)
rMut   .         Stasis   .     (boots unavailable)
Gourm  .                        (no amulet)
MR     .....                    y - ring of teleport control
                                a - ring of protection from fire

@: quick, not resistant to hostile enchantments, fairly stealthy
A: paw claws, no armour, no weapons or thrown items, fangs 3, see invisible,
carnivore 3, speed 1, shaggy fur 2, slow metabolism 1, jump 2
a: Jump Attack, Evoke Teleport Control


You were on level 5 of the Dungeon.
You were not hungry.

You visited 2 branches of the dungeon, and saw 7 of its levels.
You also visited: Sewer.

You collected 334 gold pieces.

Inventory:

Magical devices
 l - a wand of random effects (3)
 m - a wand of enslavement (11)
Comestibles
 c - 6 meat rations
 u - a beef jerky
 x - a royal jelly
Scrolls
 d - 9 scrolls of identify {unknown}
 e - 3 scrolls of noise
 g - 3 scrolls of teleportation {unknown}
 j - 3 scrolls of enchant weapon {unknown}
 k - 4 scrolls of remove curse {unknown}
 n - a scroll of magic mapping {unknown}
 s - 2 scrolls of blinking {unknown}
 v - a scroll of recharging {unknown}
 w - a scroll of fog {unknown}
 B - a scroll of random uselessness {unknown}
Jewellery
 a - a ring of protection from fire (left paw)
 y - a ring of teleport control (right paw)
Potions
 f - 2 potions of resistance
 h - a potion of curing
 i - a potion of cancellation {unknown}
 o - a potion of berserk rage {unknown}
 p - 2 potions of restore abilities {unknown}
 q - a potion of mutation {unknown}
 r - a potion of brilliance {unknown}
 t - a potion of invisibility {unknown}
 z - a potion of confusion {unknown}
 A - a potion of haste {unknown}
 C - a potion of poison {unknown}
 D - 2 potions of heal wounds {unknown}
Books
 b - a book of Frost

   Spells                             Type                      Level
   *Freeze                            Ice                          1
   *Throw Frost                       Conjuration/Ice              2
   *Ozocubu's Armour                  Charms/Ice                   3
   *Throw Icicle                      Conjuration/Ice              4
   Summon Ice Beast                   Ice/Summoning                4
   Condensation Shield                Ice                          4


   Skills:
 - Level 2.6 Dodging
 - Level 2.6 Stealth
 - Level 2.0 Spellcasting
 * Level 5.7 Conjurations
 * Level 5.1 Ice Magic


You couldn't memorise any spells.
You knew the following spells:

 Your Spells              Type           Power        Failure   Level  Hunger
a - Freeze                Ice            ###.         2%          1    #......
b - Throw Frost           Conj/Ice       ###...       3%          2    ###....
c - Ozocubu's Armour      Chrm/Ice       ##......     21%         3    ####...
d - Throw Icicle          Conj/Ice       ###.....     24%         4    #####..


Dungeon Overview and Level Annotations

Branches:
Dungeon (6/15)             Temple (1/1) D:5

Altars:
Ashenzari
Cheibriados
Dithmenos
Elyvilon
Fedhas
Gozag
Kikubaaqudgha
Makhleb
Nemelex Xobeh
Okawaru
Qazlal
Sif Muna
Trog
Zin
The Shining One

Annotations:
D:6 Blork the orc


Innate Abilities, Weirdness & Mutations

You cannot wear armour.
You are incapable of wielding weapons or throwing items.
Your paws have sharp claws.
You have razor-sharp teeth.
You have supernaturally acute eyesight.
You are carnivorous and can eat meat at any time.
You cover ground quickly.
You are covered in thick fur (AC +2).
You have a slow metabolism.
You can jump attack at a medium distance.


Message History

The orc misses you.
The orc wizard becomes somewhat translucent.
You scratch the orc but do no damage.
The orc is heavily wounded.
The orc priest completely misses you. The orc barely misses you.
You closely miss the orc.
The orc is heavily wounded.
The orc priest invokes the aid of Beogh against you.
Something smites you!
Ouch! That really hurt!
You die...
The orc completely misses you.
You are now level 5!
You rejoin the land of the living...
Unknown command.
Unknown command.
Unknown command.
Unknown command.
Unknown command.
Are you sure you want to abandon this character and quit the game? (Confirm with "yes".)

goo.#.####....##..≈≈≈≈.≈≈≈≈≈.#
.........#.### ##.≈≈≈≈.≈≈≈≈≈.#
###........# #..≈≈≈≈.......##
##....#...## ##........≈≈≈≈..#
..<.#####...###...≈≈≈≈≈.≈≈≈≈..#
.#### #......#.≈≈≈≈≈.≈≈≈≈..#
..##### #.#..##.≈≈≈≈≈.≈≈≈≈..#
#..Y..#####....##.≈≈≈≈≈.≈≈≈≈..#
#####......##...@.............#
##................###.....#
#......#########.....#####
#......# ####### #......#
##....## #....# ######


There were no monsters in sight!

Vanquished Creatures
  Sigmund (D:6)
  2 giant frogs (Sewer)
  A crimson imp (D:5)
  2 worker ants
  An orc wizard (D:3)
  Jessica (D:3)
  A green rat (D:6)
  9 adders
  10 giant mites
  8 orcs
  18 giant cockroaches
  8 hobgoblins
  A jackal (D:1)
  14 oozes
  3 quokkas
  12 ball pythons
  10 bats
  12 giant geckos
  16 giant newts
  8 goblins
  A hobgoblin skeleton (D:6)
  9 kobolds
  12 rats
160 creatures vanquished.

Notes
Turn   | Place    | Note
--------------------------------------------------------------
     0 | D:1      | Ratboiler, the Felid Ice Elementalist, began the quest for the Orb.
     0 | D:1      | Reached XP level 1. HP: 7/7 MP: 4/4
   414 | D:1      | Reached skill level 3 in Ice Magic
   829 | D:1      | Reached XP level 2. HP: 9/11 MP: 2/5
   851 | D:1      | Learned a level 2 spell: Throw Frost
  1309 | D:1      | Reached skill level 1 in Conjurations
  1794 | D:2      | Found a burning altar of Makhleb.
  1825 | D:2      | Reached XP level 3. HP: 14/14 MP: 4/8
  1854 | D:2      | Learned a level 3 spell: Ozocubu's Armour
  2749 | D:2      | Reached XP level 4. HP: 18/18 MP: 0/10
  3096 | D:3      | Noticed Jessica
  3249 | D:3      | Found a glowing golden altar of the Shining One.
  3309 | D:3      | Killed Jessica
  4086 | D:4      | Found an ancient bone altar of Kikubaaqudgha.
  4226 | D:4      | Found a shattered altar of Ashenzari.
  4340 | D:4      | Reached skill level 4 in Conjurations
  4340 | D:4      | Reached XP level 5. HP: 16/21 MP: 1/12
  4482 | D:4      | Noticed a phantom
  4989 | D:5      | Entered Level 5 of the Dungeon
  5032 | D:5      | Found a staircase to the Ecumenical Temple.
  5087 | Temple   | Entered the Ecumenical Temple
  5214 | D:5      | Noticed an ice beast
  5606 | D:6      | Noticed Sigmund
  5629 | D:6      | Killed Sigmund
  5629 | D:6      | Gained mutation: You are covered in thick fur (AC +2). [growing up]
  5629 | D:6      | Gained mutation: You can jump attack at a medium distance. [growing up]
  5629 | D:6      | Reached XP level 6. HP: 10/24 MP: 0/14
  5807 | D:6      | Found a glowing drain.
  5818 | Sewer    | Entered a sewer
  6262 | Sewer    | Reached skill level 5 in Conjurations
  7332 | Sewer    | Reached XP level 7. HP: 20/27 MP: 12/17
  7433 | Sewer    | Learned a level 4 spell: Throw Icicle
  7758 | D:5      | Reached skill level 5 in Ice Magic
  7787 | D:6      | Noticed Blork the orc
  8226 | D:5      | Noticed an ice beast
  8240 | D:5      | Noticed a sky beast
  8292 | D:5      | Slain by a gnoll
  8293 | D:5      | Reached XP level 6. HP: -4/24 MP: 13/14
  8303 | D:5      | HP: 1/24 [orc priest (2)]
  8305 | D:5      | Killed from afar by an orc priest
  8306 | D:5      | Reached XP level 5. HP: -14/21 MP: 12/12
  8308 | D:5      | Quit the game

Action                   |  1- 3 |  4- 6 |  7- 9 || total
-------------------------+-------+-------+-------++-------
Melee: Unarmed           |     8 |     9 |     1 ||    18
 Cast: Freeze            |    43 |   187 |     9 ||   239
       Throw Frost       |    30 |    56 |     7 ||    93
       Ozocubu's Armour  |     1 |       |     3 ||     4
       Throw Icicle      |       |       |     5 ||     5
Evoke: Wand              |       |     4 |       ||     4
  Use: Potion            |       |     2 |       ||     2
       Scroll            |       |       |     1 ||     1
 Stab: Sleeping          |     1 |       |       ||     1
  Eat: Chunk             |    12 |    15 |     1 ||    28
